Map: Newkirk Precinct TE

Players

Leenock

  • Race: Zerg Zerg
  • Spawn Location: 5:00

soO - Winner!

  • Race: Zerg Zerg
  • Spawn Location: 7:00

Event: IEM Season 11 - Gyeonggi

VOD

Have the link to the VOD?

Description

Time

  • Played on: Dec. 13, 2016, 10:27 p.m.
  • Length: 13:31

All games in this series

Show
View Real Time Build Order
Export as new Build Order

Leenock Zerg 

Build Orders: Hatch First 

Get SALT Encoding   

  12  0:00  Drone  
  13  0:13  Overlord  
  13  0:18  Drone  
  14  0:31  Drone x2  
  16  0:35  Drone  
  17  0:52  Hatchery  
  17  0:55  Drone  
  17  0:59  Drone  
  18  1:07  Extractor  
  17  1:14  Spawning Pool  
  17  1:17  Drone  
  17  1:20  Drone  
  18  1:28  Drone  
  19  1:39  Overlord  
  19  1:53  Drone  
  20  2:01  Queen, Zergling x2  
  20  2:04  Drone, Queen  
  20  2:07  Metabolic Boost  
  26  2:11  Drone  
  26  2:15  Drone  
  28  2:23  Drone  
  28  2:29  Drone  
  30  2:32  Drone  
  31  2:42  Hatchery  
  30  2:46  Overlord  
  30  2:50  Zergling x2  
  31  2:52  Drone  
  31  2:56  Drone  
  33  3:00  Drone  
  33  3:05  Zergling x2  
  35  3:11  Zergling x2  
  35  3:12  Zergling x6  
  39  3:14  Zergling x4  
  39  3:16  Zergling x2  
  42  3:24  Roach Warren  
  41  3:39  Zergling x4  
  41  3:40  Overlord  
  42  3:45  Zergling x4  
  41  4:04  Roach x7  
  41  4:07  Roach  
  56  4:12  Roach  
  51  4:19  Roach x2  
  51  4:21  Drone  
  51  4:23  Drone  
  51  4:24  Drone  
  58  4:25  Overlord  
  58  4:29  Roach  
  56  4:38  Overlord  
  54  4:41  Overlord  
  54  4:49  Hatchery  
  53  4:53  Drone x2  
  53  4:56  Drone x2  
  57  5:01  Drone  
  57  5:02  Drone  
  57  5:05  Roach  
  57  5:08  Ravager  
  57  5:09  Ravager  
  57  5:12  Drone  
  57  5:13  Drone x3  
  59  5:15  Drone  
  59  5:16  Drone  
  58  5:22  Queen  
  62  5:28  Roach  
  62  5:29  Roach  
  62  5:30  Roach  
  62  5:33  Extractor  
  62  5:34  Extractor  
  62  5:35  Roach  
  66  5:37  Roach  
  66  5:42  Roach, Spine Crawler  
  69  5:50  Roach  
  72  6:02  Roach, Spine Crawler  
  72  6:03  Roach, Queen  
  79  6:11  Roach x2  
  79  6:14  Drone  
  77  6:18  Ravager  
  77  6:19  Overlord  
  77  6:20  Drone x2  
  77  6:21  Drone x3  
  77  6:24  Overlord  
  82  6:28  Evolution Chamber  
  82  6:30  Lair  
  82  6:35  Overlord  
  82  6:38  Drone  
  82  6:39  Drone x4  
  87  6:40  Drone  
  87  6:41  Drone  
  87  6:45  Overlord  
  88  6:55  Roach x3  
  88  6:57  Zerg Missile Weapons Level 1  
  88  7:00  Roach  
  98  7:01  Roach  
  98  7:03  Roach  
  98  7:04  Drone  
  98  7:05  Roach  
  98  7:08  Overlord  
  103  7:13  Ravager, Overlord  
  104  7:16  Overlord  
  104  7:17  Overlord  
  104  7:24  Drone x2  
  104  7:25  Overlord  
  104  7:28  Drone x2  
  104  7:29  Drone x2, Glial Reconstitution  
  110  7:35  Ravager  
  111  7:39  Drone x4  
  111  7:42  Extractor  
  111  7:43  Extractor  
  113  7:45  Drone x4  
  113  7:46  Drone  
  113  7:49  Roach  
  113  7:51  Roach  
  122  7:53  Overseer  
  122  7:55  Roach x2  
  122  7:56  Roach  
  128  7:58  Roach  
  128  8:01  Roach  
  128  8:02  Unknown  
  132  8:07  Hatchery  
  132  8:10  Roach x3  
  137  8:15  Roach  
  137  8:17  Overlord x3  
  137  8:19  Roach  
  141  8:21  Roach  
  141  8:23  Roach  
  141  8:25  Overlord  
  141  8:26  Overlord  
  145  8:34  Queen  
  145  8:36  Roach x2  
  145  8:38  Roach x2, Extractor  
  154  8:41  Roach x2  
  154  8:43  Roach  
  154  8:45  Roach  
  162  8:48  Baneling Nest  
  162  8:49  Roach  
  162  8:51  Roach  
  162  8:53  Roach x3  
  165  8:58  Roach  
  165  9:00  Roach  
  169  9:05  Roach  
  169  9:07  Roach x2  
  169  9:08  Ravager x2  
  169  9:09  Ravager  
  165  9:19  Roach  
  165  9:20  Roach  
  165  9:21  Roach x6  
  165  9:22  Roach  
  165  9:24  Roach, Queen  
  173  9:27  Roach  
  173  9:30  Roach  
  173  9:31  Roach x2  
  165  9:40  Roach x2  
  165  9:43  Roach  
  165  9:44  Roach  
  168  9:45  Ravager x2  
  168  9:47  Ravager  
  168  9:48  Roach  
  168  9:51  Roach  
  174  9:53  Roach x4  
  174  9:55  Roach  
  174  10:05  Roach  
  174  10:06  Roach  
  149  10:07  Roach  
  149  10:10  Roach  
  149  10:12  Roach  
  149  10:13  Roach x4  
  155  10:15  Roach  
  155  10:18  Roach  
  155  10:20  Roach x2  
  161  10:22  Roach  
  161  10:23  Roach  
  165  10:32  Ravager x2  
  165  10:33  Ravager  
  168  10:37  Ravager  
  168  10:39  Roach x2  
  169  10:44  Roach x4  
  175  10:51  Roach  
  175  10:53  Roach x2  
  175  10:55  Roach x2  
  179  10:57  Roach  
  179  10:58  Roach x2  
  179  11:02  Roach  
  179  11:06  Roach  
  179  11:07  Roach  
  179  11:08  Roach x2  
  179  11:10  Overlord x2  
  183  11:15  Roach x2  
  183  11:17  Centrifical Hooks  
  179  11:21  Roach x2  
  179  11:23  Roach  
  179  11:24  Roach  
  183  11:26  Overlord  
  183  11:29  Roach  
  183  11:32  Roach x2  
  183  11:34  Roach  
  183  11:36  Roach  
  183  11:38  Roach  
  181  11:40  Roach x2  
  173  11:47  Roach  
  173  11:48  Roach  
  173  12:03  Roach x6  
  173  12:08  Roach x6  
  173  12:18  Roach, Zergling x10  
  173  12:20  Roach x2  
  178  12:25  Zergling x4  
  172  12:31  Roach  
  172  12:32  Roach x2  
  172  12:33  Roach  
  168  12:39  Roach x2  
  168  12:41  Baneling x10  
  168  12:43  Roach x2  
  168  12:44  Roach  
  168  12:46  Ravager  
  168  12:47  Ravager  
  125  13:09  Roach  
  125  13:12  Roach  
Show
View Real Time Build Order
Export as new Build Order

soO Zerg - Winner!

Build Orders: Hatch First 

Get SALT Encoding   

  12  0:00  Drone  
  13  0:12  Overlord  
  13  0:17  Drone  
  14  0:31  Drone x2  
  14  0:34  Drone  
  17  0:53  Hatchery  
  17  0:55  Drone  
  17  0:59  Drone  
  18  1:09  Extractor  
  17  1:13  Spawning Pool  
  17  1:16  Drone  
  17  1:20  Drone  
  18  1:28  Drone  
  19  1:39  Overlord  
  19  1:50  Drone  
  20  1:59  Queen  
  20  2:00  Zergling x2  
  23  2:04  Queen  
  23  2:05  Zergling x2  
  26  2:09  Metabolic Boost  
  26  2:23  Drone  
  26  2:25  Drone  
  28  2:30  Baneling Nest  
  28  2:33  Drone  
  28  2:34  Drone  
  28  2:36  Drone  
  30  2:44  Drone  
  31  2:48  Drone  
  32  2:58  Hatchery  
  32  3:00  Overlord  
  32  3:04  Zergling x2  
  32  3:06  Zergling x2  
  32  3:09  Zergling x2  
  32  3:10  Zergling x2  
  35  3:13  Zergling x2  
  35  3:18  Baneling x2  
  36  3:20  Zergling x4  
  36  3:23  Zergling x2  
  39  3:28  Zergling x4  
  39  3:31  Zergling x2  
  41  3:38  Zergling x4  
  43  3:42  Overlord  
  43  3:47  Zergling x2  
  43  3:50  Zergling x2  
  43  4:02  Zergling x12  
  49  4:06  Zergling x2  
  49  4:10  Zergling x2  
  49  4:13  Zergling x2  
  49  4:16  Drone  
  46  4:22  Drone  
  47  4:26  Drone x2  
  47  4:29  Drone x3  
  47  4:30  Drone x3  
  54  4:33  Drone  
  52  4:38  Drone  
  52  4:44  Roach Warren  
  52  4:49  Queen  
  54  4:54  Drone, Overlord  
  54  4:57  Overlord  
  55  5:03  Zergling x8  
  55  5:06  Zergling x2  
  56  5:07  Zergling x2  
  56  5:09  Zergling x2  
  56  5:12  Zergling x2  
  56  5:13  Zergling x2  
  55  5:15  Zergling x2  
  55  5:18  Zergling x4  
  55  5:20  Zergling x4  
  59  5:22  Zergling x2  
  60  5:40  Roach x7  
  74  5:43  Overlord  
  74  5:48  Overlord, Extractor  
  73  5:50  Drone  
  74  5:58  Drone  
  74  6:02  Overlord  
  74  6:08  Roach x5  
  74  6:09  Roach x2  
  81  6:11  Drone  
  81  6:12  Roach  
  77  6:19  Lair  
  77  6:21  Drone x2  
  77  6:22  Drone  
  80  6:26  Drone x2  
  80  6:27  Ravager  
  80  6:30  Drone x2  
  85  6:37  Drone, Overlord  
  86  6:40  Roach, Evolution Chamber, Extractor  
  86  6:43  Overlord  
  86  6:46  Overlord  
  85  6:50  Overlord  
  85  6:53  Drone x3  
  87  6:55  Drone  
  87  6:57  Drone  
  89  7:02  Drone x4  
  89  7:03  Drone  
  89  7:07  Zerg Missile Weapons Level 1  
  94  7:12  Drone x3  
  94  7:14  Extractor  
  96  7:16  Ravager x2  
  96  7:18  Glial Reconstitution  
  98  7:24  Drone x2  
  98  7:26  Roach x2  
  98  7:27  Overlord, Extractor  
  103  7:32  Roach x2  
  107  7:38  Drone x2, Overlord  
  107  7:40  Roach x2  
  107  7:41  Roach  
  115  7:44  Overseer  
  115  7:50  Roach x2  
  119  7:52  Roach  
  119  7:56  Drone  
  122  8:00  Roach x3  
  122  8:05  Roach x3  
  134  8:06  Hatchery  
  134  8:12  Overlord x2  
  133  8:14  Roach x2  
  133  8:15  Overlord  
  133  8:18  Roach  
  139  8:22  Roach x2  
  143  8:29  Roach  
  143  8:32  Roach x4  
  143  8:33  Overlord  
  153  8:35  Ravager x2  
  155  8:42  Ravager  
  155  8:43  Roach x2  
  155  8:48  Roach  
  162  8:49  Overlord x3  
  162  9:00  Unknown, Roach x4  
  170  9:07  Ravager  
  170  9:09  Ravager  
  172  9:10  Ravager  
  172  9:14  Roach x3  
  177  9:20  Roach x3  
  175  9:25  Roach x3  
  175  9:26  Queen  
  183  9:32  Roach x3  
  173  9:44  Ravager x2  
  173  9:45  Roach  
  171  9:48  Roach x2, Extractor  
  171  9:49  Drone x2  
  176  9:53  Unknown  
  176  9:56  Roach x4  
  176  9:57  Overlord  
  182  10:07  Roach x6  
  159  10:12  Roach x3  
  154  10:16  Roach x2  
  154  10:19  Roach x2  
  159  10:25  Ravager, Extractor  
  159  10:27  Roach x2  
  163  10:31  Roach x3  
  169  10:36  Roach x3  
  173  10:43  Ravager  
  172  10:52  Ravager x2  
  172  10:53  Drone x2  
  172  10:54  Drone  
  173  10:58  Roach x5  
  172  11:06  Roach x8  
  181  11:19  Ravager  
  181  11:20  Ravager  
  181  11:21  Roach x6  
  195  11:27  Roach x2  
  195  11:31  Ravager  
  198  11:36  Roach x4  
  195  11:44  Ravager  
  188  11:49  Ravager  
  188  11:52  Roach  
  188  11:53  Roach x4  
  197  12:00  Roach x3  
  197  12:01  Roach  
  199  12:07  Roach  
  199  12:09  Ravager  
  190  12:16  Roach  
  190  12:17  Roach x6  
  190  12:19  Ravager  
  187  12:38  Spire  
  187  12:40  Roach x9  
  186  13:04  Roach x13  
  185  13:07  Roach x6  
  185  13:08  Roach x3  

Tags
 
Add a new tag
Caveats
  • Supply blocks, unpowered buildings, or Contaminate may cause inaccurate times.
  • Supply counts are checked every 10 seconds.